 Dungeon Crawl Stone Soup version 0.31.0-11-ge490571c62 (webtiles) character file.

Game seed: 178900307425878627

3514 hadoken the Fighter (level 9, -20/83 HPs)
             Began as a White Draconian Shapeshifter on Jan 27, 2024.
             Was a Follower of Elyvilon.
             Engulfed by a cloud of flame (23 damage)
             ... on level 7 of the Dungeon.
             The game lasted 00:15:07 (6639 turns).

hadoken the Fighter (White Draconian Shapeshifter)  Turns: 6639, Time: 00:15:07

Health: -20/83     AC:  7    Str: 21    XL:     9   Next: 81%
Magic:  18/18      EV: 12    Int: 10    God:    Elyvilon [*.....]
Gold:   346        SH:  0    Dex: 11    Spells: 8/8 levels left

rFire   . .          .
                       - Unarmed
rCold   + + .        (no shield)
rNeg    . . .        (body armour unavailable)
rPois   .            (helmet currently unavailable)
rElec   .            (cloak currently unavailable)
rCorr   .            (gloves currently unavailable)
SInv    .            (boots currently unavailable)
Will    .....        (no amulet) Stlth
                     e - ring of magical power
HPRegen 0.33/turn    s - ring of protection from cold
MPRegen 0.16/turn

%: no passive effects
@: beast-form, silenced, weak-willed, marked, studying Fire Magic
A: beast (slay +4), breathe frost, AC +7, unfitting armour, cold resistance 1,
cold-blooded
a: Breathe Frost, Begin Untransformation, Renounce Religion


You were on level 7 of the Dungeon.
You worshipped Elyvilon.
Elyvilon was aware of your devotion.
You were a hulking beast.
You visited 2 branches of the dungeon, and saw 8 of its levels.

You collected 346 gold pieces.

Inventory:

Missiles
 f - 13 poisoned darts
 k - 6 javelins
Jewellery
 e - a ring of magical power (left hand)
 s - a ring of protection from cold (right hand)
Talismans
 b - a beast talisman (active)
 c - a flux talisman
Wands
 q - a wand of iceblast (5)
 r - a wand of flame (21) (quivered)
Scrolls
 i - a scroll of blinking {unknown}
 j - 3 scrolls of noise
 l - a scroll of enchant armour
 o - 2 scrolls of fog
Potions
 h - 3 potions of degeneration


   Skills:
 * Level 9.1 Fighting
 - Level 1.7 Dodging
 * Level 8.9 Unarmed Combat
 - Level 7.7 Shapeshifting


You had 8 spell levels left.
You didn't know any spells.
Your spell library contained the following spells:

 Spells                   Type           Power      Damage    Failure   Level
 Apportation              Tloc           0%         N/A       36%         1
 Jinxbite                 Hex            0%         N/A       50%         2
 Frozen Ramparts          Ice            0%         1d1       75%         3
 Leda's Liquefaction      Alch/Erth      0%         N/A       98%         4
 Petrify                  Alch/Erth      0%         N/A       98%         4
 Alistair's Intoxication  Alch           0%         N/A       100%        5
 Metabolic Englaciation   Hex/Ice        0%         N/A       100%        5
 Yara's Violent Unravell  Hex/Alch       0%         3d3       100%        5
 Enfeeble                 Hex            0%         N/A       100%        7


Dungeon Overview and Level Annotations

Branches:
Dungeon (7/15)             Temple (1/1) D:4

Altars:
Dithmenos
Elyvilon
Fedhas
Kikubaaqudgha
Nemelex Xobeh
Okawaru
Qazlal
Uskayaw
Vehumet
Wu Jian
Xom
Yredelemnul
Zin
The Shining One

Shops:
D:1 :   D:5 *==

Annotations:
D:2 1 runed translucent door, Crazy Yiuf


Innate Abilities, Weirdness & Mutations

You are a hulking beast.
Your limbs bulge with bestial killing power. (Slay +4)
You can breathe waves of freezing cold which knock back foes.
Your icy white scales are hard. (AC +7)
You cannot fit into any form of body armour.
Your flesh is cold resistant. (rC+)
You are cold-blooded and may be slowed by cold attacks.


Message History

As you read the scroll labelled BULEM QOTTIXTO, it crumbles to dust.
The creatures around you are filled with an inner flame!
It was a scroll of immolation.
You feel sick.
You are no longer poisoned.
The killer bee stings you but does no damage.
The killer bee closely misses you.
As you read the scroll labelled BIKHAO JOAMM, it crumbles to dust.
It is a scroll of enchant weapon.
You aren't carrying any weapons that can be enchanted.
The killer bee closely misses you. The killer bee barely misses you.
As you read the scroll labelled KUCKASCHOUF, it crumbles to dust.
A profound silence engulfs you.
It was a scroll of silence.
The killer bee barely misses you. The killer bee misses you.
Unknown command.
Magic scrolls do not work when you're silenced!
Magic scrolls do not work when you're silenced!
Okay, then.
You punch the killer bee!
Flame seeps out of the killer bee.
The killer bee is heavily wounded.
The killer bee is engulfed in blazing flames.
Flame seeps out of the killer bee.
The killer bee stings you.
You completely miss the killer bee.
The killer bee is almost dead.
The killer bee is engulfed in blazing flames.
The killer bee explodes!
The fiery explosion engulfs the wight!!
You destroy the wight!
The fiery explosion engulfs the killer bee!!
The fiery explosion engulfs you!
* * * LOW HITPOINT WARNING * * *
The killer bee explodes!
Unknown command.
Okay, then.
You feel better.
You are engulfed in blazing flames.
* * * LOW HITPOINT WARNING * * *
Magic scrolls do not work when you're silenced!
Magic scrolls do not work when you're silenced!
Okay, then.
You are engulfed in blazing flames.
You die...

#. ### #### #. #.. ... #. #.. ..#
#. .... #.# #.# #. #..# #.# #.#
#. #..# #.# ##.## #. # #..#
#####☼#######○#.######. #. #..#
#☼yy§§h§§§☼§§###....... #.####..#
#F###☼#######○#)###.... ........#
#.# #y..# ##)## #....
........###y###.#.#####...###.#.#
#.##.###..yyy........#.....##.#.#
#.## ##.#z###..#.........##.#.#
#.# #.z.###............##.#.#
#.## ##....#######.##...###.#.#
##.###.#......# #.###.##


You could see a bullfrog (inner flame, weak-willed) and 3 killer bees.

Vanquished Creatures
  Pikel (D:4)
  Grinder (D:3)
  2 wyverns (D:5)
  3 water moccasins
  An ice beast (D:6)
  A black bear (D:6)
  A sky beast (D:6)
  An ogre (D:4)
  A phantom (D:5)
  A lemure (D:4)
  2 scorpions
  14 wights
  3 killer bees (D:7)
  3 bombardier beetles
  3 jellies
  4 orc priests
  3 hounds
  4 iguanas (D:5)
  Jessica (D:2)
  Natasha (thrice) (D:2)
  An orc wizard (D:6)
  Robin (D:2)
  8 adders
  3 gnolls (D:6)
  2 white imps (D:6)
  2 ufetubi (D:6)
  4 dart slugs
  A ribbon worm (D:2)
  15 orcs
  7 ball pythons
  11 endoplasms
  4 giant cockroaches
  14 goblins
  5 hobgoblins
  6 kobolds
  5 quokkas
  6 bats
  6 frilled lizards
  4 rats
158 creatures vanquished.

Notes
Turn   | Place    | Note
-------+----------+-------------------------------------------
     0 | D:1      | hadoken the Draconian Shapeshifter began the quest for the
                  | Orb.
     0 | D:1      | Reached XP level 1. HP: 16/16 MP: 1/1
    90 | D:1      | Reached XP level 2. HP: 23/23 MP: 2/2
   225 | D:1      | Found Hojauh's Vocational Training.
   476 | D:2      | Reached XP level 3. HP: 28/28 MP: 3/3
   488 | D:2      | Noticed Natasha
   498 | D:2      | Killed Natasha
   523 | D:2      | Noticed Natasha
   535 | D:2      | Killed Natasha
   536 | D:2      | Reached XP level 4. HP: 24/35 MP: 4/4
   593 | D:2      | Noticed Jessica
   603 | D:2      | Killed Jessica
   604 | D:2      | Reached skill level 5 in Shapeshifting
   615 | D:2      | Noticed Robin
   652 | D:2      | Killed Robin
   836 | D:2      | Found a runed translucent door.
   837 | D:2      | Noticed Crazy Yiuf
   868 | D:2      | Noticed Natasha
   873 | D:2      | Killed Natasha
   874 | D:2      | Reached XP level 5. HP: 40/40 MP: 5/5
  1370 | D:3      | Reached XP level 6. HP: 35/47 MP: 6/6
  1760 | D:3      | Found a hide-covered altar of Uskayaw.
  1814 | D:3      | Noticed Grinder
  1826 | D:3      | Paralysed by Grinder for 2 turns
  1831 | D:3      | Killed Grinder
  1835 | D:3      | Your scales start taking on an icy white colour.
  1835 | D:3      | Reached XP level 7. HP: 11/52 MP: 7/7
  1835 | D:3      | Gained mutation: Your flesh is cold resistant. (rC+) [White
                  | Draconian growth]
  2125 | D:3      | Found a sparkling altar of Nemelex Xobeh.
  2169 | D:3      | Identified the +9 sling "Sovac" {antimagic, rElec rC- Str+7
                  | SInv}
  2800 | D:4      | Reached skill level 2 in Fighting
  2962 | D:4      | Noticed Pikel
  3008 | D:4      | Killed Pikel
  3009 | D:4      | Reached skill level 4 in Fighting
  3009 | D:4      | Reached skill level 5 in Unarmed Combat
  3009 | D:4      | Reached XP level 8. HP: 24/67 MP: 8/8
  3171 | D:4      | Found a staircase to the Ecumenical Temple.
  3206 | Temple   | Entered the Ecumenical Temple
  3499 | D:4      | Reached skill level 5 in Fighting
  3521 | Temple   | Became a worshipper of Elyvilon the Healer
  3974 | D:5      | Entered Level 5 of the Dungeon
  4196 | D:5      | Reached skill level 6 in Fighting
  4307 | D:5      | Found a basalt altar of Yredelemnul.
  4459 | D:5      | Found Koxkygis's Jewellery Emporium.
  4460 | D:5      | Found Fomm's Jewellery Emporium.
  4460 | D:5      | Found Lakh's Assorted Antiques.
  4603 | D:5      | Reached skill level 7 in Fighting
  4605 | D:5      | Reached XP level 9. HP: 62/79 MP: 9/9
  4753 | D:5      | Reached * piety under Elyvilon
  5830 | D:6      | Reached skill level 8 in Fighting
  5836 | D:6      | Found a blossoming altar of Fedhas.
  5838 | D:6      | Found an iron altar of Okawaru.
  6056 | D:6      | Found a glowing golden altar of the Shining One.
  6121 | D:6      | Found a shadowy altar of Dithmenos.
  6173 | D:6      | Found an ornate altar of the Wu Jian Council.
  6253 | D:6      | Reached ** piety under Elyvilon
  6628 | D:7      | Reached skill level 9 in Fighting
  6638 | D:7      | HP: 3/83 [cloud of flame (21)]
  6639 | D:7      | Engulfed by a cloud of flame

Illustrated notes

Levels and vault maps discovered:
D:1:      amcnicky_arrival_blooded_trapdoor, layout_rooms,
          nicolae_shop_vocational
D:2:      layout_basic, minmay_tetromino_l2, uniq_crazy_yiuf_cottage,
          uniq_robin, uniq_natasha, uniq_jessica
D:3:      layout_basic, nemelex_diamond_rough_becter, general_overflow_altar,
          uniq_grinder
D:4:      layout_basic, minmay_temple_entry_offerings, minmay_manual_mail,
          uniq_pikel
D:5:      layout_loops_ring, mainiacjoe_overflow_alcove_1,
          nicolae_shop_distant_corner_stores
D:6:      layout_loops_ring, nicolae_dithmenos_shadow_blocks,
          nicolae_overflow_hidden_temple, mainiacjoe_overflow_brackets
D:7:      layout_loops_ring, lemuel_crystal_altar, uniq_joseph
Temple:   hellmonk_temple_flake

Skill      XL: |  1  2  3  4  5  6  7  8  9 |
---------------+----------------------------+-----
Shapeshifting  | 4 5 6 7 |  7.7
Fighting       | 4 7 9 |  9.1
Unarmed Combat | 5 7 8 |  8.9
Dodging        | |  1.7

Action                     |  1- 3 |  4- 6 |  7- 9 || total
---------------------------+-------+-------+-------++-------
  Melee: Unarmed           |    69 |   148 |   206 ||   423
         Tailslap          |     7 |    13 |    25 ||    45
         Punch             |     1 |     4 |     6 ||    11
  Throw: Dart              |     2 |       |     1 ||     3
 Invoke: Heal Other        |       |       |     3 ||     3
Ability: Begin Untransform |       |     2 |       ||     2
         Breathe Frost     |       |       |    20 ||    20
  Evoke: Wand              |       |       |    16 ||    16
    Use: Potion            |     1 |     7 |     2 ||    10
         Scroll            |       |     2 |    10 ||    12
   Stab: Sleeping          |     1 |       |     1 ||     2
 Armour: Skin              |    40 |    92 |   122 ||   254
  Dodge: Dodged            |    44 |    85 |   114 ||   243
   Form: Beast             |       |     1 |       ||     1
